 Dungeon Crawl Stone Soup version 0.26-a0-652-gafc20e3620 (webtiles) character file.

Game seed: 13253324931016035855

2592 rogsnak the Carver (level 9, 0/80 HPs)
             Began as a Palentonga Fighter on Oct 2, 2020.
             Was a Believer of Okawaru.
             Slain by an ufetubus (4 damage)
             ... on level 8 of the Dungeon.
             The game lasted 00:16:48 (6813 turns).

rogsnak the Carver (Palentonga Fighter)             Turns: 6813, Time: 00:16:49

Health: 0/80       AC:  9    Str: 22    XL:     9   Next: 33%
Magic:  8/8        EV:  8    Int: 10    God:    Okawaru [**....]
Gold:   427        SH:  5    Dex:  9    Spells: 8/8 levels left

rFire    . . .     SeeInvis +   w - +0 great sword
rCold    . . .     Faith    .   (shield currently unavailable)
rNeg     . . .     Spirit   .   b - +0 scale mail
rPois    .         Reflect  +   (helmet restricted)
rElec    +         Harm     .   p - +1 cloak
rCorr    .         Rampage  .   (no gloves)
MR       .....                  (no barding)
Stlth    ..........             g - amulet of reflection
HPRegen  0.23/turn              (no ring)
MPRegen  0.11/turn              (no ring)

@: no status effects
A: large, horns 1, rugged brown scales 3, see invisible, deformed body, low mp
1, electricity resistance, roll, armoured tail
a: Rolling Charge, Heroism, Renounce Religion


You were on level 8 of the Dungeon.
You worshipped Okawaru.
Okawaru was pleased with you.
You visited 2 branches of the dungeon, and saw 9 of its levels.
You also visited: Ossuary.

You collected 427 gold pieces.

Inventory:

Hand Weapons
 a - a +0 long sword
 m - a +0 whip of freezing
 w - a +0 great sword (weapon)
 D - a +1 short sword of electrocution
Missiles
 e - 112 bolts
 h - 64 poisoned darts (quivered)
 y - 2 boomerangs
Armour
 b - a +0 scale mail (worn)
 c - a +0 kite shield
 p - a +1 cloak (worn)
 u - a +0 helmet
 F - a +0 plate armour of fire resistance
Jewellery
 g - an amulet of reflection (around neck)
Scrolls
 k - 5 scrolls of teleportation {unknown}
 l - 3 scrolls of identify {unknown}
 n - 4 scrolls of enchant armour {unknown}
 o - a scroll of enchant weapon {unknown}
 r - 3 scrolls of remove curse {unknown}
 t - a scroll of fear {unknown}
 x - a scroll of fog {unknown}
 E - a scroll of random uselessness {unknown}
 G - a scroll of amnesia {unknown}
Potions
 d - 3 potions of might
 f - 3 potions of mutation
 i - a potion of haste {unknown}
 j - 7 potions of curing
 q - 3 potions of ambrosia {unknown}
 s - a potion of stabbing {unknown}
 v - 2 potions of lignification {unknown}
 z - 2 potions of berserk rage {unknown}
 A - 4 potions of degeneration {unknown}
 B - 3 potions of flight {unknown}
 C - 2 potions of heal wounds {unknown}


   Skills:
 + Level 5.9 Fighting
 + Level 9.0 Long Blades
 + Level 5.5 Armour
 + Level 1.8 Dodging
 + Level 0.4 Stealth
 + Level 4.1 Shields


You had 8 spell levels left.
You didn't know any spells.
Your spell library contained the following spells:

 Spells                   Type           Power        Failure   Level
 Confusing Touch          Hex            #.......     95%         3
 Gell's Gravitas          Tloc           #.........   95%         3
 Petrify                  Tmut/Erth      #.......     100%        4
 Metabolic Englaciation   Hex/Ice        #.........   100%        5
 Yara's Violent Unravell  Hex/Tmut       #.........   100%        5


Dungeon Overview and Level Annotations

Branches:
Dungeon (8/15)             Temple (1/1) D:5         Ossuary (visited)
   Lair: D:8-11

Altars:
Ashenzari
Cheibriados
Dithmenos
Fedhas
Gozag
Nemelex Xobeh
Okawaru
Qazlal
Ru
Trog
Vehumet
Zin

Shops:
D:4 *   D:6 *


Innate Abilities, Weirdness & Mutations

You are completely covered in rugged brown scales. (AC +3, +7% HP)
You have supernaturally acute eyesight. (SInv)
Armour fits poorly on your strangely shaped body.
You can roll at foes to attack.
You have a long armoured tail.
You have a pair of small horns on your head.
Your magical capacity is low. (-10% MP)
You are resistant to electric shocks. (rElec)


Message History

You closely miss the killer bee.
The killer bee is severely wounded.
The killer bee stings you but does no damage.
The killer bee closely misses you.
You riposte.
You hit the killer bee but do no damage.
You headbutt the killer bee.
You kill the killer bee!
Okawaru accepts your kill. The killer bee barely misses you.
You slice the killer bee!!
You kill the killer bee!
Okawaru accepts your kill.
Your Long Blades skill increases to level 9!
The ufetubus hits you but does no damage.
The ufetubus closely misses you.
Unknown command.
You closely miss the ufetubus. Your headbutt misses the ufetubus.
Your tail-slap misses the ufetubus.
You block the ufetubus's attack. The ufetubus barely misses you.
The ufetubus hits you.
You die...

#.##.#
#.##.#####..
#.#.........
### #.#..###
...#.#....####
#.#.#.......#
#.....##.##.#
###5####.##.#
#@# #.##.#
#..†.....##.#
#.....#######.#
#.#.### #.# #
#. #.# .. #.#
## #.# ##.#
#..#


You could see an ufetubus.

Vanquished Creatures
  A black bear (D:6)
  An ice beast (D:5)
  2 orc warriors
  2 phantoms
  2 ogres
  A centaur (D:6)
  2 bullfrogs (D:6)
  7 water moccasin zombies
  2 scorpions
  6 killer bees (D:8)
  A howler monkey (D:2)
  3 orc priests
  2 jellies
  2 hounds
  3 orc wizards
  4 bullfrog skeletons
  An iguana (D:5)
  4 worker ants
  A big kobold zombie (Ossuary)
  A hound zombie (D:7)
  2 mummies (Ossuary)
  7 gnolls
  6 adders
  A white imp (D:5)
  4 ufetubi
  An ooze (D:1)
  7 adder zombies (Ossuary)
  An adder skeleton (D:7)
  3 worms
  2 dart slugs
  2 leopard geckos
  11 orcs
  7 giant cockroaches
  2 gnoll zombies (Ossuary)
  3 goblins
  10 hobgoblins
  8 jackals
  5 quokkas
  2 ball pythons
  9 bats
  10 frilled lizards
  A giant cockroach zombie (D:5)
  5 hobgoblin zombies (Ossuary)
  4 kobolds
  9 kobold zombies (Ossuary)
  2 orc zombies (Ossuary)
  14 rats
186 creatures vanquished.

Notes
Turn   | Place    | Note
-------+----------+-------------------------------------------
     0 | D:1      | rogsnak the Palentonga Fighter began the quest for the Orb.
     0 | D:1      | Reached XP level 1. HP: 20/20 MP: 1/1
    64 | D:1      | Reached XP level 2. HP: 20/27 MP: 2/2
   554 | D:1      | Reached XP level 3. HP: 32/33 MP: 3/3
   772 | D:2      | Reached skill level 3 in Long Blades
   958 | D:2      | Reached XP level 4. HP: 40/40 MP: 4/4
  1659 | D:3      | Reached XP level 5. HP: 46/48 MP: 5/5
  1916 | D:3      | Found a radiant altar of Vehumet.
  2075 | D:3      | Found a stormy altar of Qazlal.
  2705 | D:4      | Found a sand-covered staircase.
  2749 | Ossuary  | Entered an ossuary
  2873 | Ossuary  | Reached skill level 4 in Long Blades
  2873 | Ossuary  | Reached XP level 6. HP: 45/54 MP: 6/6
  2969 | Ossuary  | Reached skill level 1 in Dodging
  3083 | Ossuary  | Reached skill level 5 in Long Blades
  3094 | Ossuary  | Reached XP level 7. HP: 52/63 MP: 7/7
  3522 | D:4      | Found Ocael's General Store.
  3577 | D:4      | Found an opulent altar of Gozag.
  3695 | D:5      | Entered Level 5 of the Dungeon
  3730 | D:5      | Reached skill level 6 in Long Blades
  4389 | D:5      | Reached XP level 8. HP: 71/71 MP: 8/8
  4431 | D:5      | Found a staircase to the Ecumenical Temple.
  4440 | Temple   | Entered the Ecumenical Temple
  4483 | Temple   | Became a worshipper of Warmaster Okawaru
  4730 | D:5      | Reached skill level 7 in Long Blades
  5040 | D:5      | Found a glowing silver altar of Zin.
  5201 | D:6      | Reached * piety under Okawaru
  5201 | D:6      | Reached skill level 5 in Fighting
  5404 | D:6      | Reached skill level 8 in Long Blades
  5718 | D:6      | Reached ** piety under Okawaru
  5718 | D:6      | Reached skill level 5 in Armour
  5718 | D:6      | Reached XP level 9. HP: 73/79 MP: 9/9
  5811 | D:6      | Found Icukyif's General Store.
  6798 | D:8      | Gained mutation: You are resistant to electric shocks.
                  | (rElec) [potion of mutation]
  6798 | D:8      | Gained mutation: Your magical capacity is low. (-10% MP)
                  | [potion of mutation]
  6798 | D:8      | Gained mutation: You have a pair of small horns on your
                  | head. [potion of mutation]
  6808 | D:8      | HP: 2/80 [killer bee (3)]
  6812 | D:8      | Reached skill level 9 in Long Blades
  6813 | D:8      | Slain by an ufetubus

Illustrated notes

Levels and vault maps discovered:
D:1:      heliophobic_arrival_dark_side_of_the_moon, layout_rooms,
          chequers_serial_rivers_small_b
D:2:      layout_basic
D:3:      layout_loops_corners, nicolae_qazlal_general_emergency,
          vehumet_crystals
D:4:      layout_cave_pools, nicolae_gozag_cash_rules_everything_around_me,
          serial_shops, nicolae_shop_window_shopping,
          nicolae_ossuary_entry_false_entrances
D:5:      layout_loops_ring, lemuel_coloured_pillars_altar,
          minmay_temple_entry_slanted
D:6:      layout_rooms, serial_shops, nicolae_shop_behind_doors
D:7:      layout_loops_cross, kennysheep_generic_room_11
D:8:      layout_loops_ring, nicolae_overflow_hidden_temple,
          grunt_temple_overflow_open, dancing_weapons_uskayaw,
          minmay_fractal_squares_gapless_5
Temple:   compressed_dpeg_circular_temple

Skill      XL: |  1  2  3  4  5  6  7  8  9 |
---------------+----------------------------+-----
Long Blades    | 3 4 5 6 8 9 |  9.0
Shields        | 3 4 |  4.1
Armour         | 3 4 5 |  5.5
Dodging        | 1 |  1.8
Fighting       | 4 5 |  5.9
Stealth        | |  0.4

Action                   |  1- 3 |  4- 6 |  7- 9 || total
-------------------------+-------+-------+-------++-------
Melee: Long sword        |   127 |   184 |       ||   311
       Tailslap          |    13 |    34 |    47 ||    94
       Great sword       |       |   115 |   280 ||   395
       Headbutt          |       |       |     1 ||     1
 Abil: Rolling Charge    |     6 |     2 |    12 ||    20
  Use: Potion            |       |       |     3 ||     3
Armor: Scale mail        |    47 |   194 |   154 ||   395
Dodge: Dodged            |    24 |   106 |   127 ||   257
Block: Kite shield       |    94 |   183 |       ||   277
       Reflection        |     1 |       |     1 ||     2
       Other             |       |    36 |    70 ||   106
       Rpst.: Long sword |     9 |    13 |       ||    22
       Great sword       |       |    17 |    39 ||    56

Table legend: (Time is in decaauts)
 A = Elapsed time spent in this place.
 B = Non-inter-level travel time spent in this place.
 C = Inter-level travel time spent in this place.
 D = Time resting spent in this place.
 E = Time spent auto-exploring this place.
 F = Levels seen in this place.
 G = Mean time per level.
                   A        B        C        D        E       F      G
               +--------+--------+--------+--------+--------+-----+--------+
         Total |   7061 |   6951 |    110 |   1217 |   3595 |  10 |  706.1 |
       Dungeon |   6346 |   6236 |    110 |    990 |   3497 |   8 |  793.2 |
        Temple |     52 |     52 |      0 |      0 |      0 |   1 |   52.0 |
       Ossuary |    662 |    662 |      0 |    227 |     98 |   1 |  662.0 |
               +--------+--------+--------+--------+--------+-----+--------+

Top non-repeatable levels by time:
     D:3: 1240 daAuts
     D:2: 993 daAuts
     D:5: 919 daAuts
     D:4: 884 daAuts
     D:6: 765 daAuts
     D:7: 746 daAuts
     D:1: 711 daAuts
 Ossuary: 662 daAuts
     D:8: 85 daAuts
  Temple: 52 daAuts
